AoeStats
← The Rule

Arena

510603246Analyzed
4v4 RM · 2d ago on Oct 1, 2026· 54m 38s· 8 players
Game mode
Random Map
Map size
Large (8 player)
Population
200
Speed
Normal
Resources
Standard
Victory
Conquest
Starting age
Dark Age
Ending age
Imperial Age
RankedLock teamsTeams togetherTeam positionsShared explorationLock speedFull tech treeHidden civsTurbo modeCheats
Victory
Defeat
🇪🇸 Mongols · Spain
989
+13
🇬🇧 Slavs · United Kingdom
956
+14
🇦🇹 Portuguese · Austria
951
+14
🇵🇪 Celts · Peru
844
+18
🇫🇷 Lithuanians · France
967
-17
🇬🇧 Wei · United Kingdom
930
-16
🇷🇴 Goths · Romania
884
-14
🇫🇷 Romans · France
847
-12
skevke
4:45 Loom
12:10 Feudal Age
13:53 Double-Bit Axe
16:43 Castle Age
18:06 Bow Saw
19:09 Wheelbarrow
20:05 Horse Collar
20:58 Town Watch
22:17 Hand Cart
22:42 Town Watch
25:50 Town Patrol
26:00 Stone Mining
26:01 Gold Mining
28:05 Scale Barding Armor
28:11 Forging
28:42 Caravan
32:00 Imperial Age
30:33 Man-at-Arms
31:14 Squires
33:34 Gold Shaft Mining
32:28 Long Swordsman
34:31 Ballistics
35:11 Chemistry
34:36 Conscription
34:22 Ballistas
34:47 Comitatenses
36:16 Legionary
36:22 Elite Skirmisher
37:32 Scale Mail Armor
37:36 Padded Archer Armor
37:28 Fletching
38:39 Chain Barding Armor
38:35 Chain Mail Armor
38:56 Iron Casting
39:45 Leather Archer Armor
39:26 Bodkin Arrow
43:01 Plate Barding Armor
42:23 Pikeman
DukeFoyst
11:19 Feudal Age
15:33 Castle Age
13:37 Horse Collar
13:58 Double-Bit Axe
16:36 Heavy Plow
18:00 Bow Saw
20:05 Wheelbarrow
22:00 Gold Mining
22:00 Stone Mining
22:45 Husbandry
24:29 Stone Shaft Mining
25:15 Hand Cart
25:49 Caravan
27:12 Loom
27:52 Forging
27:47 Scale Barding Armor
28:47 Bloodlines
32:51 Imperial Age
31:42 Tuntian
33:05 Elite Tiger Cavalry
34:07 Conscription
34:14 Ming Guang Armor
34:21 Chain Barding Armor
34:37 Iron Casting
33:52 Fletching
34:03 Padded Archer Armor
34:46 Gold Shaft Mining
35:58 Thumb Ring
36:19 Parthian Tactics
39:55 Blast Furnace
38:51 Bodkin Arrow
39:11 Leather Archer Armor
41:11 Chemistry
40:35 Ballistics
41:47 Murder Holes
godi5937
4:04 Loom
12:05 Feudal Age
12:13 Feudal Age
17:59 Castle Age
16:37 Double-Bit Axe
16:35 Horse Collar
28:50 Bow Saw
29:23 Caravan
29:58 Heavy Plow
30:46 Bloodlines
30:40 Husbandry
34:33 Fletching
34:55 Forging
34:52 Scale Barding Armor
38:05 Imperial Age
37:25 Chain Barding Armor
37:41 Iron Casting
37:02 Bodkin Arrow
IOZIF
3:35 Loom
11:09 Feudal Age
12:00 Double-Bit Axe
15:32 Castle Age
13:37 Horse Collar
15:32 Wheelbarrow
16:48 Bow Saw
17:02 Heavy Plow
22:59 Gold Mining
29:50 Imperial Age
29:12 Hand Cart
29:00 Scale Mail Armor
29:11 Forging
29:37 Anarchy
29:44 Squires
30:10 Chain Mail Armor
30:59 Conscription
32:26 Iron Casting
32:17 Perfusion
31:53 Elite Huskarl
34:06 Blast Furnace
39:34 Chemistry
38:15 Treadmill Crane
Horahlooks
11:38 Feudal Age
15:29 Castle Age
13:19 Double-Bit Axe
13:24 Horse Collar
16:33 Bow Saw
22:24 Wheelbarrow
21:36 Loom
25:05 Scale Barding Armor
26:22 Heavy Plow
26:39 Fortified Wall
26:57 Gold Mining
27:18 Town Watch
30:09 Imperial Age
28:29 Detinets
28:33 Stone Mining
28:57 Forging
29:00 Bloodlines
28:50 Husbandry
29:21 Hand Cart
29:22 Fletching
29:54 Chain Barding Armor
29:48 Masonry
31:16 Iron Casting
31:25 Conscription
31:49 Plate Barding Armor
32:44 Two-Man Saw
31:47 Bodkin Arrow
32:54 Blast Furnace
31:47 Capped Ram
34:58 Two-Man Saw
34:55 Man-at-Arms
35:36 Squires
36:53 Crop Rotation
35:49 Elite Boyar
36:15 Pikeman
36:57 Siege Ram
37:56 Scale Mail Armor
40:53 Halberdier
42:31 Siege Engineers
45:28 Light Cavalry
54:03 Spies/Treason
The Rule
7:48 Loom
9:46 Feudal Age
11:59 Double-Bit Axe
15:48 Castle Age
14:59 Horse Collar
16:20 Loom
16:58 Bow Saw
17:17 Stone Mining
19:32 Fletching
20:00 Padded Archer Armor
19:58 Gold Mining
22:32 Husbandry
22:45 Town Watch
25:38 Bloodlines
26:08 Wheelbarrow
26:23 Bodkin Arrow
26:19 Light Cavalry
28:07 Ballistics
28:28 Leather Archer Armor
28:49 Town Patrol
31:59 Imperial Age
29:41 Nomads
30:09 Forging
30:05 Scale Barding Armor
31:45 Thumb Ring
32:12 Heavy Plow
33:40 Chemistry
32:42 Bracer
33:22 Hand Cart
33:47 Gold Shaft Mining
33:51 Conscription
34:47 Elite Mangudai
36:30 Iron Casting
36:19 Hussar
39:48 Fortified Wall
42:18 Blast Furnace
41:39 Chain Barding Armor
44:10 Masonry
43:58 Murder Holes
45:00 Drill
smake
10:54 Feudal Age
14:50 Castle Age
13:11 Double-Bit Axe
13:15 Horse Collar
13:53 Gold Mining
17:26 Bow Saw
17:22 Heavy Plow
27:31 Imperial Age
25:40 Wheelbarrow
25:49 Loom
25:50 Town Watch
25:36 Pikeman
26:19 Scale Mail Armor
26:30 Stone Mining
27:43 Hand Cart
28:10 Stone Shaft Mining
28:11 Chain Mail Armor
29:30 Chemistry
29:24 Crop Rotation
29:58 Two-Man Saw
30:39 Town Patrol
38:09 Elite Organ Gun
48:43 Bloodlines
47:54 Light Cavalry
MiguelAngel
11:05 Feudal Age
12:23 Horse Collar
19:14 Castle Age
17:33 Double-Bit Axe
17:50 Stone Mining
18:07 Gold Mining
22:40 Heavy Plow
23:27 Bow Saw
25:12 Wheelbarrow
29:48 Imperial Age
29:45 Hand Cart
29:16 Town Watch
30:44 Heavy Scorpion
32:57 Gold Shaft Mining
32:59 Stone Shaft Mining
32:29 Caravan
35:37 Chemistry
34:57 Ballistics
34:43 Siege Engineers
36:36 Conscription
38:59 Furor Celtica
43:55 Elite Woad Raider
44:26 Stronghold
45:11 Hoardings
49:08 Scale Mail Armor
49:18 Forging
49:14 Scale Barding Armor
49:08 Murder Holes
49:24 Masonry
51:03 Onager
51:06 Capped Ram
52:07 Siege Onager
Connection lost

Rejoining the realm…

Still unreachable

The connection could not be restored.

Session expired

The server has moved on; the page needs a fresh start.